 Dungeon Crawl Stone Soup version 0.30.0-29-ga12c61a403 (webtiles) character file.

Game seed: 16698243339237377151

3742 cheesebisquit the Cleaver (level 9, -2/82 HPs)
             Began as a Minotaur Berserker on June 22, 2023.
             Was a Priest of Trog.
             Slain by a boulder beetle (9 damage)
             ... on level 7 of the Dungeon.
             The game lasted 00:26:38 (7251 turns).

cheesebisquit the Cleaver (Minotaur Berserker)      Turns: 7251, Time: 00:26:39

Health: -2/82      AC: 13    Str: 26    XL:     9   Next: 93%
Magic:  8/8        EV:  9    Int:  4    God:    Trog [***...]
Gold:   566        SH:  0    Dex: 10    Spells: 8/8 levels left

rFire   . . .        p - +0 war axe
rCold   . . .        (no shield)
rNeg    . . .        t - +0 chain mail
rPois   .            (helmet restricted)
rElec   .            (no cloak)
rCorr   +            h - +0 pair of gloves
SInv    +            (no boots)
Will    ++...        (no amulet) Stlth
                     v - ring of see invisible
HPRegen 1.33/turn    w - ring of resist corrosion
MPRegen 0.11/turn

%: no passive effects
@: strong-willed, on berserk cooldown, flying, regenerating, studying Armour
A: horns 2, retaliatory headbutt
a: Renounce Religion, Berserk, Trog's Hand


You were on level 7 of the Dungeon.
You worshipped Trog.
Trog was most pleased with you.
You visited 2 branches of the dungeon, and saw 8 of its levels.

You collected 566 gold pieces.

Inventory:

Hand Weapons
 p - a +0 war axe (weapon)
 G - a +3 battleaxe
Missiles
 m - 7 boomerangs (quivered)
 K - a curare-tipped dart
Armour
 h - a +0 pair of gloves (worn)
 s - a +3 leather armour of cold resistance
 t - a +0 chain mail (worn)
 z - the +0 ring mail of Licuegow {+Blink rCorr Dex-2}
   (You found it on level 5 of the Dungeon)

   Dex:       It affects your dexterity (-2).
   +Blink:    It lets you blink.
   rCorr:     It protects you from acid and corrosion.
 I - the +0 leather armour of Stoicism {Str-5 Dex+5 SInv}
   (You found it on level 7 of the Dungeon)

   Str:       It affects your strength (-5).
   Dex:       It affects your dexterity (+5).
   SInv:      It lets you see invisible.
Jewellery
 v - a ring of see invisible (left hand)
 w - a ring of resist corrosion (right hand)
 D - a ring of fire
 F - an amulet of guardian spirit
Wands
 q - a wand of flame (16)
 x - a wand of mindburst (16)
 H - a wand of polymorph (10)
Scrolls
 c - a scroll of enchant armour {unknown}
 e - 7 scrolls of identify {unknown}
 g - a scroll of fear {unknown}
 i - a scroll of enchant weapon {unknown}
 j - a scroll of silence {unknown}
 u - a scroll of summoning {unknown}
 y - 2 scrolls of noise {unknown}
 A - 2 scrolls of immolation {unknown}
 B - 3 scrolls of teleportation {unknown}
 C - 2 scrolls of poison {unknown}
 E - 2 scrolls of vulnerability {unknown}
 J - a scroll of blinking {unknown}
Potions
 a - a potion of attraction {unknown}
 b - 2 potions of cancellation
 f - a potion of lignification {unknown}
 k - 8 potions of curing
 l - a potion of brilliance {unknown}
 n - 2 potions of degeneration {unknown}
 o - 2 potions of flight
 r - a potion of mutation {unknown}


   Skills:
 + Level 8.8 Fighting
 * Level 11.8 Axes
 - Level 5.0 Throwing
 + Level 10.7 Armour
 - Level 2.1 Dodging


You had 8 spell levels left.
You didn't know any spells.
Your spell library was empty.

Dungeon Overview and Level Annotations

Branches:
Dungeon (7/15)             Temple (1/1) D:4

Altars:
Ashenzari
Cheibriados
Dithmenos
Elyvilon
Fedhas
Gozag
Hepliaklqana
Kikubaaqudgha
Makhleb
Nemelex Xobeh
Okawaru
Qazlal
Ru
Sif Muna
Trog
Uskayaw
Vehumet
Wu Jian
Xom
Yredelemnul
Zin
The Shining One

Shops:
D:1 [   D:4 =


Innate Abilities, Weirdness & Mutations

You have a pair of horns on your head.
You reflexively headbutt those who attack you in melee.


Message History

The boulder beetle bites you!
You barely miss the boulder beetle.
The boulder beetle is moderately wounded.
The boulder beetle bites you!
You completely miss the boulder beetle.
The boulder beetle is moderately wounded.
You hit the boulder beetle but do no damage.
The boulder beetle is moderately wounded.
The boulder beetle bites you!
You slash the boulder beetle!
Your headbutt misses the boulder beetle.
You punch the boulder beetle, but do no damage.
The boulder beetle is heavily wounded.
You hit the boulder beetle but do no damage.
The boulder beetle is heavily wounded.
The boulder beetle leaps!
You are no longer berserk.
You are exhausted.
You feel yourself slow down. The boulder beetle bites you!
You hit the boulder beetle but do no damage.
You headbutt the boulder beetle, but do no damage.
The boulder beetle is heavily wounded.
The boulder beetle bites you!!
* * * LOW HITPOINT WARNING * * *
The boulder beetle completely misses you.
You feel yourself speed up. The boulder beetle bites you.
* * * LOW HITPOINT WARNING * * *
It was a potion of curing.
You feel better. The boulder beetle bites you!
* * * LOW HITPOINT WARNING * * *
It was a potion of cancellation.
Your magical effects are unravelling.
You feel magically purged.
You feel yourself speed up.
You feel yourself slow down. The boulder beetle bites you.
* * * LOW HITPOINT WARNING * * *
It was a potion of flight.
You feel very buoyant.
You fly up into the air.
The boulder beetle bites you!
You die...

##.####.# ##.###...#####
#..####.#######.............
#..........)..............##
#..#######.#.###.#######..#
#..#P...P#..## #.#P...P#..#
#..#.###.#.#.# ..#.#'#.#..#
#..# +:#.'.#####.#.#.#.#..#
#..#$###.#.##....#.###.#..#
#..#P...P#.@..#..#P..(P#.##
##.#######.#B#.#)###'###.#
#.........#.#.#.........#
#.##.#..##.##..####.##..#
#.#.###.#.#.#.##...####.#
#...#####)#.#####.......#
#.#..###.#.#.[.#.#.#.##.#
#.#.#..#..#.#..####.#.#.###
#..#..##...#.#..........##.


You could see a boulder beetle.

Vanquished Creatures
  A cyclops (D:7)
  A slime creature (D:7)
  Sigmund (D:6)
  A shadow (D:7)
  Menkaure (D:6)
  An ice beast (D:5)
  A black bear (D:6)
  A sky beast (D:6)
  A phantom (D:4)
  3 centaurs
  A kobold brigand (D:7)
  2 bullfrogs
  2 scorpions
  7 wights (D:6)
  3 killer bees (D:7)
  A jelly (D:5)
  6 electric eels (D:6)
  A gnoll bouda (D:6)
  2 orc priests
  4 hounds
  2 sleepcaps
  7 iguanas
  Ijyb (D:4)
  Natasha (thrice) (D:2)
  5 orc wizards
  24 gnolls
  3 adders
  3 white imps
  An ufetubus (D:6)
  A dart slug (D:3)
  17 orcs
  6 bats
  9 endoplasms
  2 giant cockroaches
  34 goblins
  29 hobgoblins
  2 jackals (D:1)
  4 ball pythons
  A frilled lizard (D:1)
  15 kobolds
  10 rats
220 creatures vanquished.

Vanquished Creatures (others)
  2 goblins (D:6)
2 creatures vanquished.

Grand Total: 222 creatures vanquished

Notes
Turn   | Place    | Note
-------+----------+-------------------------------------------
     0 | D:1      | cheesebisquit the Minotaur Berserker began the quest for
                  | the Orb.
     0 | D:1      | Reached XP level 1. HP: 19/19 MP: 0/0
   207 | D:1      | Reached skill level 4 in Axes
   219 | D:1      | Reached XP level 2. HP: 15/27 MP: 1/1
   385 | D:1      | Found Poabbij's Armour Boutique.
  1096 | D:2      | Noticed Natasha
  1099 | D:2      | Reached XP level 3. HP: 33/33 MP: 2/2
  1106 | D:2      | Killed Natasha
  1112 | D:2      | Reached ** piety under Trog
  1113 | D:2      | Reached skill level 5 in Axes
  1113 | D:2      | Reached XP level 4. HP: 40/40 MP: 3/3
  1319 | D:2      | Noticed Natasha
  1328 | D:2      | Killed Natasha
  1409 | D:2      | Reached XP level 5. HP: 47/47 MP: 4/4
  1820 | D:2      | Noticed Natasha
  1828 | D:2      | Killed Natasha
  2054 | D:3      | Found a faded altar of an unknown god.
  2486 | D:3      | Found a shadowy altar of Dithmenos.
  2717 | D:4      | Reached skill level 6 in Axes
  2754 | D:3      | Found a basalt altar of Yredelemnul.
  2780 | D:4      | Noticed Ijyb
  2791 | D:4      | Reached skill level 5 in Fighting
  2799 | D:4      | Killed Ijyb
  2800 | D:4      | Reached skill level 1 in Throwing
  2800 | D:4      | Reached XP level 6. HP: 46/56 MP: 5/5
  2870 | D:4      | Found Goawupp's Jewellery Emporium.
  2958 | D:4      | Found a staircase to the Ecumenical Temple.
  3093 | D:4      | Reached skill level 7 in Axes
  3093 | D:4      | Reached XP level 7. HP: 32/61 MP: 6/6
  3145 | D:4      | Found an iron altar of Okawaru.
  3216 | D:4      | Found a stormy altar of Qazlal.
  3355 | D:5      | Entered Level 5 of the Dungeon
  3357 | D:5      | Identified the +0 ring mail of Licuegow {+Blink rCorr
                  | Dex-2}
  3464 | D:5      | Reached skill level 5 in Armour
  3902 | Temple   | Entered the Ecumenical Temple
  4183 | D:5      | Reached skill level 8 in Axes
  4526 | D:5      | Reached XP level 8. HP: 70/70 MP: 7/7
  4668 | D:6      | Noticed Menkaure
  4679 | D:6      | Killed Menkaure
  4804 | D:6      | Reached skill level 9 in Axes
  5101 | D:6      | Found a shimmering blue altar of Sif Muna.
  5610 | D:6      | Reached XP level 9. HP: 79/79 MP: 8/8
  5645 | D:6      | Reached skill level 10 in Axes
  5878 | D:6      | Noticed Sigmund
  5887 | D:6      | Killed Sigmund
  5904 | D:6      | Reached *** piety under Trog
  6314 | D:7      | Found a glowing golden altar of the Shining One.
  6333 | D:7      | Reached skill level 5 in Throwing
  6403 | D:7      | Identified the +0 leather armour of Stoicism {Str-5 Dex+5
                  | SInv}
  6567 | D:7      | Found a hazy altar of Hepliaklqana.
  6726 | D:7      | Noticed a cyclops
  6734 | D:7      | Killed a cyclops
  6735 | D:7      | Reached skill level 11 in Axes
  6735 | D:7      | Reached skill level 10 in Armour
  7227 | D:7      | Noticed a manticore
  7227 | D:7      | Noticed a boulder beetle
  7251 | D:7      | Slain by a boulder beetle

Illustrated notes

Levels and vault maps discovered:
D:1:      evilmike_arrival_rings, layout_loops_ring, serial_shops, shop
D:2:      layout_loops_ring, minmay_randomly_rotated_circles, uniq_natasha
D:3:      layout_loops_ring, nicolae_overflow_ecumenical_swirl,
          lemuel_round_altar
D:4:      layout_basic, lemuel_coloured_pillars_altar, okawaru_gym_becter,
          minmay_temple_entry_mist, serial_shops, nicolae_shop_window_shopping,
          minmay_manual_moon, uniq_ijyb
D:5:      layout_loops_corners
D:6:      minmay_goblin_kobold_castle, layout_cave_pods,
          nicolae_sif_muna_condensation, uniq_menkaure, uniq_sigmund
D:7:      layout_basic, mainiacjoe_overflow_chevrons,
          nicolae_hepliaklqana_hazy_memory, minmay_shattered_shrine
Temple:   minmay_freezing_vapour_temple

Skill      XL: |  1  2  3  4  5  6  7  8  9 |
---------------+----------------------------+-----
Axes           | 4 5 6 7 8 9 11 | 11.8
Fighting       | 4 5 6 7 8 |  8.8
Armour         | 3 4 6 8 10 | 10.7
Throwing       | 1 2 3 4 5 |  5.0
Dodging        | |  2.1

Action                     |  1- 3 |  4- 6 |  7- 9 || total
---------------------------+-------+-------+-------++-------
  Melee: Hand axe          |    54 |    64 |       ||   118
         Headbutt          |     6 |    11 |    51 ||    68
         War axe           |       |    36 |   314 ||   350
         Punch             |       |     2 |     5 ||     7
  Throw: Boomerang         |       |    28 |     9 ||    37
 Invoke: Berserk           |     1 |     4 |    15 ||    20
         Trog's Hand       |       |     4 |    19 ||    23
    Use: Potion            |       |       |     4 ||     4
   Stab: Sleeping          |     2 |       |       ||     2
 Armour: Animal skin       |    11 |     3 |       ||    14
         Scale mail        |       |    23 |       ||    23
         Chain mail        |       |     1 |   156 ||   157
  Dodge: Dodged            |    30 |    51 |   171 ||   252
